 Dungeon Crawl Stone Soup version 0.25.0-26-g0c896c7088 (webtiles) character file.

Game seed: 10440781140800701399

28 Ethylacetat the Digger (level 3, 0/19 HPs)
             Began as a Gargoyle Earth Elementalist on July 3, 2020.
             Slain by a hobgoblin
             ... wielding a +0 club
              (3 damage)
             ... on level 1 of the Dungeon.
             The game lasted 00:02:54 (1336 turns).

Ethylacetat the Digger (GrEE)                       Turns: 1336, Time: 00:02:54

Health: 0/19       AC:  5    Str: 11    XL:     3   Next: 14%
Magic:  6/6        EV: 12    Int: 16    God:
Gold:   23         SH:  0    Dex: 10    Spells: 5/6 levels left

rFire    . . .     SeeInvis .   (no weapon)
rCold    . . .     Gourm    .   (no shield)
rNeg     + . .     Faith    .   c - +0 robe
rPois    ∞         Spirit   .   (no helmet)
rElec    +         Reflect  .   (no cloak)
rCorr    +         Harm     .   (no gloves)
MR       .....                  (no boots)
Stlth    ++........             (no amulet)
HPRegen  0.06/turn              g - ring of resist corrosion
MPRegen  0.10/turn              (no ring)

@: no status effects
A: negative energy resistance 1, electricity resistance, unbreathing,
petrification resistance, rot immunity, AC +3
a: no special abilities


You were on level 1 of the Dungeon.
You were near starving.

You visited 1 branch of the dungeon, and saw 1 of its levels.

You collected 23 gold pieces.

Inventory:

Missiles
 b - 25 stones (quivered)
Armour
 c - a +0 robe (worn)
Jewellery
 g - a ring of resist corrosion (left hand)
Scrolls
 a - a scroll of immolation {unknown}
 e - 3 scrolls of identify {unknown}
Potions
 f - a potion of cancellation {unknown}
 h - a potion of curing {unknown}
 i - 2 potions of mutation {unknown}
Comestibles
 d - a ration


   Skills:
 - Level 1.5 Dodging
 - Level 2.2 Stealth
 + Level 2.3 Spellcasting
   Level 0.7 Transmutations
 * Level 4.7 Earth Magic


You had 5 spell levels left.
You knew the following spells:

 Your Spells              Type           Power        Failure   Level  Hunger
a - Sandblast             Erth           ###...       2%          1    #......

Your spell library contained the following spells:

 Spells                   Type           Power        Failure   Level  Hunger
 Passwall                 Tmut/Erth      ##......     10%         2    ###....
 Stone Arrow              Conj/Erth      #.....       22%         3    ###....
 Petrify                  Tmut/Erth      ##......     54%         4    #####..
 Lee's Rapid Deconstruct  Erth           ###.......   61%         5    ######.


Dungeon Overview and Level Annotations

Branches:
Dungeon (1/15)

Altars:


Innate Abilities, Weirdness & Mutations

You are resistant to torment.
Your stone body is resilient. (AC +3)
You are immune to poison.
You resist negative energy. (rN+)
You are resistant to electric shocks. (rElec)
You can survive without breathing.
You are immune to petrification.
You are immune to rotting.


Message History

The hobgoblin hits you with a +0 club.
* * * LOW HITPOINT WARNING * * *
You completely miss the hobgoblin.
The hobgoblin is almost dead.
The hobgoblin hits you but does no damage.
You are near starving!
You hit the hobgoblin but do no damage.
The hobgoblin is almost dead.
The hobgoblin hits you with a +0 club.
* * * LOW HITPOINT WARNING * * *
You closely miss the hobgoblin.
The hobgoblin is almost dead.
The hobgoblin hits you but does no damage.
You closely miss the hobgoblin.
The hobgoblin is severely wounded.
The hobgoblin hits you but does no damage.
You closely miss the hobgoblin.
The hobgoblin is severely wounded.
The hobgoblin hits you with a +0 club.
You die...

...(## ..... ....# #...#
###+# ###+# #.?.####
##...##..##...##.......
#.................# #....#
.##...##g## #.#''## #+# #@#
######## #.#...#### #.#
#......# #.#...+..# #.#
#.####.# #.#.<.+..+ #.# #.#
#.# ..#...#..#
##.#####.####.# .(#...#..#
##...#.......#.#
.######..#####....).##.##.#.#
.##..##............#.#.##.#.#
.#.#....###.####.##.##......#


You could see a hobgoblin.

Vanquished Creatures
  A gnoll (D:1)
  A leopard gecko (D:1)
  A ball python (D:1)
  2 goblins (D:1)
  3 hobgoblins (D:1)
  3 jackals (D:1)
  A frilled lizard (D:1)
  2 kobolds (D:1)
  2 rats (D:1)
16 creatures vanquished.

Notes
Turn   | Place    | Note
-------+----------+-------------------------------------------
     0 | D:1      | Ethylacetat the Gargoyle Earth Elementalist began the quest
                  | for the Orb.
     0 | D:1      | Reached XP level 1. HP: 10/10 MP: 3/3
   149 | D:1      | Reached skill level 4 in Earth Magic
   283 | D:1      | Reached XP level 2. HP: 5/15 MP: 5/5
   996 | D:1      | Reached XP level 3. HP: 2/19 MP: 3/6
  1336 | D:1      | Slain by a hobgoblin

Illustrated notes

Levels and vault maps discovered:
D:1:      dpeg_arrival_houses_and_road, layout_loops_corners

Skill      XL: |  1 |
---------------+----+-----
Earth Magic    | 4 |  4.7
Dodging        | |  1.5
Stealth        | |  2.2
Spellcasting   | |  2.3
Transmutations | |  0.7

Action                   || total
-------------------------++-------
Melee: Unarmed           ||   133
 Cast: Sandblast         ||     5
 Stab: Sleeping          ||     2
Armor: Robe              ||    38
Dodge: Dodged            ||    65
